AoeStats
← matgodoy10

Arabia

509645106Analyzed
1v1 RM · 5d ago on Sep 27, 2026· 45m 42s· 2 players
Game mode
Random Map
Map size
Tiny (2 player)
Population
200
Speed
Normal
Resources
Standard
Victory
Conquest
Starting age
Dark Age
Ending age
Imperial Age
RankedLock teamsTeams togetherTeam positionsShared explorationLock speedFull tech treeHidden civsTurbo modeCheats
Victory
Defeat
🇨🇱 Maya · Chile
1026
+15
🇨🇳 Italians · China
1014
-15
曹阿瞒
11:53 Feudal Age
14:46 Double-Bit Axe
14:43 Horse Collar
17:16 Castle Age
17:46 Forging
17:42 Scale Barding Armor
22:24 Bow Saw
25:15 Imperial Age
23:04 Heavy Plow
23:13 Squires
24:17 Iron Casting
23:34 Gold Mining
24:00 Scale Mail Armor
24:12 Stone Mining
25:30 Wheelbarrow
26:18 Conscription
34:52 Chemistry
33:32 Treadmill Crane
36:12 Stone Shaft Mining
37:37 Crop Rotation
38:09 Two-Man Saw
39:16 Pirotechnia
40:54 Hand Cart
40:26 Town Watch
matgodoy10
0:26 Loom
10:46 Feudal Age
14:55 Castle Age
13:02 Double-Bit Axe
18:26 Bow Saw
17:58 Horse Collar
18:27 Stone Mining
18:41 Heavy Plow
18:59 Squires
20:50 Gold Mining
21:20 Town Watch
26:06 Eagle Warrior
27:02 Forging
26:52 Scale Mail Armor
28:58 Iron Casting
29:33 Wheelbarrow
33:21 Imperial Age
31:14 Chain Mail Armor
34:41 Conscription
34:39 Elite Eagle Warrior
36:00 Hoardings
36:01 Holcans
36:36 Plate Mail Armor
35:35 Elite Plumed Archer
36:58 Fletching
37:09 Padded Archer Armor
37:45 Bodkin Arrow
38:24 Thumb Ring
39:18 Bracer
39:33 Leather Archer Armor
39:43 Ballistics
40:24 Chemistry
40:41 Hand Cart
42:02 Elite Skirmisher
45:09 Masonry
Connection lost

Rejoining the realm…

Still unreachable

The connection could not be restored.

Session expired

The server has moved on; the page needs a fresh start.